 Dungeon Crawl Stone Soup version 0.31-a0-446-g07c4bd200f (webtiles) character file.

Game seed: 2803311973434951557

25 Ethylacetat the Trooper (level 3, -6/20 HPs)
             Began as a Vine Stalker Monk on Aug 3, 2023.
             Splashed by a jelly's acid (8 damage)
             ... on level 2 of the Dungeon.
             The game lasted 00:01:53 (874 turns).

Ethylacetat the Trooper (Vine Stalker Monk)          Turns: 874, Time: 00:01:55

Health: -6/20      AC: -6    Str: 13    XL:     3   Next: 6%
Magic:  0/6        EV: 13    Int: 10    God:
Gold:   83         SH:  0    Dex: 18    Spells: 4/4 levels left

rFire   . . .        f - +3 dagger
rCold   . . .        c - orb {light}
rNeg    . . .        a - +0 robe
rPois   .            (no helmet)
rElec   .            (no cloak)
rCorr   .            (no gloves)
SInv    .            (no boots)
Will    .....        (no amulet)
Stlth   +            (no ring)
HPRegen 0.23/turn    (no ring)
MPRegen 0.10/turn

%: guardian spirit
@: corroded, glowing
A: fangs 2, magic shield, antimagic bite, no potion heal 2
a: no special abilities


You were on level 2 of the Dungeon.
You visited 1 branch of the dungeon, and saw 2 of its levels.

You collected 83 gold pieces.

Inventory:

Hand Weapons
 f - a +3 dagger (weapon)
Missiles
 j - 2 poisoned darts
Armour
 a - a +0 robe (worn)
 c - an orb of light (worn)
Jewellery
 i - an amulet of the acrobat
Scrolls
 d - a scroll of vulnerability {unknown}
 g - a scroll of acquirement {unknown}
 h - 4 scrolls of identify {unknown}
 k - a scroll of enchant weapon {unknown}
Potions
 b - a potion of ambrosia
 e - a potion of curing {unknown}
 l - a potion of berserk rage {unknown}
 m - 2 potions of resistance {unknown}


   Skills:
 + Level 3.1 Fighting
 + Level 0.7 Short Blades
 - Level 2.4 Dodging
 - Level 3.0 Unarmed Combat
 + Level 1.4 Spellcasting


You had 4 spell levels left.
You didn't know any spells.
Your spell library contained the following spells:

 Spells                   Type           Power      Damage    Failure   Level
 Cigotuvi's Dreadful Rot  Necr/Pois/Air  0%         N/A       45%         2
 Ignite Poison            Fire/Tmut/Pois 0%         N/A       69%         3
 Freezing Cloud           Conj/Ice/Air   0%         6-21      100%        5


Dungeon Overview and Level Annotations

Branches:
Dungeon (2/15)

Altars:


Innate Abilities, Weirdness & Mutations

You have extremely sharp teeth.
When hurt, damage is shared between your health and your magic reserves.
Your bite disrupts and absorbs the magic of your enemies.
Potions cannot restore your health.


Message History

Increase (S)trength, (I)ntelligence, or (D)exterity?
You feel agile. x2
The endoplasm attacks as you move away!
The endoplasm hits you but does no damage.
The endoplasm jiggles.
There is an open door here.
You hit the endoplasm.
The endoplasm is heavily wounded.
The endoplasm freezes you.
You are frozen.
You hit the endoplasm.
You kill the endoplasm!
As you close the door, it creaks loudly!
You start putting on your amulet.
You continue putting on your amulet of the acrobat.
You hear a slurping noise.
The jelly eats the door!
Keep equipping yourself?
You stop putting on your amulet.
You hit the jelly.
Your hands burn!
You bite the jelly. You drain its power.
You feel invigorated.
The jelly is heavily wounded.
The jelly hits you.
You are splashed with acid!
You hit the jelly.
Your hands burn!
The jelly is severely wounded.
The jelly closely misses you.
You hit the jelly. The acid corrodes you!
Your hands burn!
* * * LOW HITPOINT WARNING * * *
You bite the jelly, but do no damage.
The jelly is severely wounded.
The jelly closely misses you.
Okay, then.
You hit the jelly. The acid corrodes you!
Your hands burn!
* * * LOW HITPOINT WARNING * * *
You bite the jelly, but do no damage.
The jelly is almost dead.
The jelly hits you.
* * * LOW HITPOINT WARNING * * *
You are splashed with acid!
You die...

.........#........###
.###'''###..##....[.
##...####.##.....
##.....###.)#...
#.......##..#.#.#
#.......##......#
#.......###.#.###
#.......# #.#.#
#...@#### #.#.##
#(...JJ.###....#
########.##....#
##.J)...######.###
#J####### #......#
#...P.P.J. #.##.#.#
#JP.P.÷.P. #.##.#.#
#.PJP÷...J #....# #
#.J÷.JP÷P. #.####


You could see a jelly and an endoplasm.

Vanquished Creatures
  A dart slug (D:1)
  5 endoplasms
  3 goblins
  8 kobolds
  A ball python (D:1)
  A frilled lizard (D:1)
  3 rats (D:1)
22 creatures vanquished.

Notes
Turn   | Place    | Note
-------+----------+-------------------------------------------
     0 | D:1      | Ethylacetat the Vine Stalker Monk began the quest for the
                  | Orb.
     0 | D:1      | Reached XP level 1. HP: 11/11 MP: 2/2
   184 | D:1      | Reached skill level 1 in Spellcasting
   184 | D:1      | Reached XP level 2. HP: 16/16 MP: 4/4
   861 | D:2      | Reached XP level 3. HP: 20/20 MP: 6/6
   874 | D:2      | Splashed by a jelly's acid

Illustrated notes

Levels and vault maps discovered:
D:1:      saegor_arrival_simple_e, layout_loops_ring,
          chequers_serial_rivers_room_b
D:2:      cheibrodos_fertilizer, layout_loops_cross

Skill      XL: |  1  2 |
---------------+-------+-----
Spellcasting   | 1 |  1.4
Fighting       | 3 |  3.1
Short Blades   | |  0.7
Dodging        | |  2.4
Unarmed Combat | |  3.0

Action                     || total
---------------------------++-------
  Melee: Unarmed           ||     8
         Dagger            ||    32
         Bite              ||    10
 Armour: Robe              ||     5
  Dodge: Dodged            ||    23

Table legend: (Time is in decaauts)
 A = Elapsed time spent in this place.
 B = Non-inter-level travel time spent in this place.
 C = Inter-level travel time spent in this place.
 D = Time resting spent in this place.
 E = Time spent auto-exploring this place.
 F = Levels seen in this place.
 G = Mean time per level.
                   A        B        C        D        E       F      G
               +--------+--------+--------+--------+--------+-----+--------+
         Total |    874 |    834 |     40 |      0 |    703 |   2 |  437.0 |
       Dungeon |    874 |    834 |     40 |      0 |    703 |   2 |  437.0 |
               +--------+--------+--------+--------+--------+-----+--------+

Top non-repeatable levels by time:
     D:1: 738 daAuts
     D:2: 136 daAuts
